 Dungeon Sprint DCSS version 0.19.5 (webtiles) character file.

14632 strmesko the Wrestler (level 11, -6/186 HPs)
             Began as a Troll Berserker on Mar 19, 2017.
             Was the Champion of Trog.
             Mangled by Urug
             ... wielding a +0 great sword of holy wrath
              (15 damage)
             ... in the Dungeon (Sprint IX: "|||||||||||||||||||||||||||||").
             The game lasted 00:19:43 (1845 turns).

strmesko the Wrestler (Troll Berserker)             Turns: 1845, Time: 00:19:44

Health: -6/186     AC: 11    Str: 35    XL:     11   Next: 91%
Magic:  10/10      EV: 15    Int:  3    God:    Trog [******]
Gold:   1122       SH:  0    Dex:  9    Spells: 0 memorised, 10 levels left

rFire  . . .     SeeInvis .     y - +1 halberd of Blood {speed, +Inv}
rCold  . . .     Gourm    +     A - +2 robe {MR+}
rNeg   . . .     Faith    .     (shield currently unavailable)
rPois  .         Spirit   .     B - +1 hat
rElec  .         Reflect  .     n - +0 cloak
rCorr  .         Harm     .     (gloves unavailable)
MR     +....     NoTele   +     (boots unavailable)
Stlth  ..........               (no amulet)
                                m - +2 ring of protection
                                l - +2 ring of evasion

@: berserking (expiring), very quick
A: unfitting armour, claws 3, fast metabolism 3, gourmand, regeneration 1,
shaggy fur 1, tough skin 2
a: Berserk, Trog's Hand, Brothers in Arms, Burn Spellbooks, Renounce Religion,
Evoke Invisibility


You were in the Dungeon.
You worshipped Trog.
Trog was exalted by your worship.
You were not hungry.

You visited 1 branch You collected 1758 gold pieces.
You spent 636 gold pieces at shops.

Inventory:

Hand Weapons
 u - a +3 long sword of slicing
 y - the +1 halberd of Blood (weapon) {speed, +Inv}
   (You bought it in a shop in the Dungeon)

   Attacks with this weapon are significantly faster.
   It lets you turn invisible.
Armour
 n - a +0 cloak (worn)
 A - a +2 robe of magic resistance (worn)
 B - a +1 hat (worn)
Jewellery
 l - a +2 ring of evasion (left claw)
 m - a +2 ring of protection (right claw)
Wands
 k - a wand of iceblast (7/15)
Scrolls
 h - 2 scrolls of blinking
 j - 3 scrolls of remove curse
 q - 2 scrolls of enchant armour
 r - 5 scrolls of identify
 s - 2 scrolls of enchant weapon
Potions
 c - 5 potions of curing
 d - 2 potions of heal wounds
 e - 3 potions of haste
 f - 4 potions of magic
 g - a potion of brilliance
 i - a potion of invisibility
 o - a potion of cure mutation
 p - a potion of resistance
 t - a potion of lignification {unknown}
 v - a potion of agility
Comestibles
 b - 14 bread rations
 x - 40 fruits
 z - 12 meat rations


   Skills:
 + Level 12.7 Fighting
 + Level 8.6 Dodging
 - Level 22.4 Unarmed Combat


You had 10 spell levels left.
You didn't know any spells.

Dungeon Overview and Level Annotations

Branches:
Dungeon (1/1)

Altars:
Cheibriados
Dithmenos
Elyvilon
Fedhas
Gozag
Hepliaklqana
Kikubaaqudgha
Makhleb
Nemelex Xobeh
Okawaru
Qazlal
Ru
Sif Muna
Trog
Uskayaw
Vehumet
Xom
Yredelemnul
Zin
The Shining One
Beogh
Jiyva
Lugonu

Shops:
D [?(:

Annotations:
D Maurice, Urug


Innate Abilities, Weirdness & Mutations

You are too large for most types of armour.
You have claws for hands.
Your metabolism is lightning-fast.
You like to eat raw meat.
Your natural rate of healing is unusually fast.
You are covered in fur. (AC +1)
You have very tough skin. (AC +2)


Message History

Urug is moderately wounded.
Urug hits you with a great sword of holy wrath!!
* * * LOW HITPOINT WARNING * * *
You miss Urug.
Urug is moderately wounded.
You impale Urug!!
Urug is severely wounded.
Urug completely misses you.
You hit Urug.
Urug is almost dead.
You closely miss Urug.
Urug is almost dead.
Urug hits you with a great sword of holy wrath!
* * * LOW HITPOINT WARNING * * *
You miss Urug.
Urug is almost dead.
You barely miss Urug.
Urug is almost dead.
Urug hits you with a great sword of holy wrath!
You die...

.................................
▓▓▓▓▓▓▓▓▓▓▓▓▓▓▓▓▓▓▓▓▓▓▓▓▓▓▓▓▓▓▓▓▓
.[[[[..')...........)†.%.....÷)..
▓▓▓▓▓▓▓▓▓▓▓▓▓▓▓▓▓▓▓▓▓▓▓▓▓▓▓▓▓▓▓▓▓
.................................
▓▓▓▓▓▓▓▓▓▓▓▓▓▓▓▓▓▓▓▓▓▓▓▓▓▓▓▓▓▓▓▓▓
...'.)())∩†∩.∩.∩.)))))....))))())
▓▓▓▓▓▓▓▓▓▓▓▓▓▓▓▓▓▓▓▓▓▓▓▓▓▓▓▓▓▓▓▓▓
...........(....@o......
▓▓▓▓▓▓▓▓▓▓▓▓▓▓▓▓▓▓▓▓▓▓▓▓


You could see Urug.

Vanquished Creatures
  A dire elephant (D)
  2 hydras (D)
  5 orc high priests (D)
  A hill giant (D)
  3 orc knights (D)
  A manticore (D)
  6 elephants (D)
  A black mamba (D)
  Psyche (D)
  3 spiny frogs (D)
  2 komodo dragons (D)
  A troll (D)
  A wyvern (D)
  2 yaks (D)
  A hungry ghost (D)
  A water moccasin (D)
  A sky beast (D)
  11 orc warriors (D)
  An eye of draining (D)
  An ogre (D)
  A crocodile (D)
  A bullfrog (D)
  A killer bee (D)
  2 crimson imps (D)
  A hound (D)
  11 orc priests (D)
  5 orc wizards (D)
  An adder skeleton (D)
  3 orcs (D)
  A bat zombie (D)
  2 giant cockroaches (D)
  A goblin (D)
  A hobgoblin (D)
  A jackal (D)
  A rat (D)
79 creatures vanquished.

Vanquished Creatures (collateral kills)
  A hill giant (D)
  An oklob plant (D)
  An elephant (D)
  A spiny frog (D)
  An efreet (D)
  A blink frog (D)
  A yak (D)
  A water moccasin (D)
8 creatures vanquished.

Grand Total: 87 creatures vanquished

Notes
Turn   | Place    | Note
-------+----------+-------------------------------------------
     0 | D        | strmesko the Troll Berserker began the quest for the Orb.
     0 | D        | Reached XP level 1. HP: 22/22 MP: 0/0
    14 | D        | Reached ** piety under Trog
   129 | D        | Noticed a hound
   129 | D        | Noticed a crimson imp
   129 | D        | Noticed a crimson imp
   133 | D        | Killed a crimson imp
   133 | D        | Reached XP level 2. HP: 36/36 MP: 1/1
   133 | D        | Reached XP level 3. HP: 44/44 MP: 2/2
   141 | D        | Reached *** piety under Trog
   141 | D        | Reached XP level 4. HP: 49/55 MP: 3/3
   185 | D        | Found a roughly hewn altar of Beogh.
   185 | D        | Found a snail-covered altar of Cheibriados.
   185 | D        | Found a shadowy altar of Dithmenos.
   185 | D        | Found a white marble altar of Elyvilon.
   185 | D        | Found a blossoming altar of Fedhas.
   185 | D        | Found an opulent altar of Gozag.
   186 | D        | Found a hazy altar of Hepliaklqana.
   187 | D        | Found a viscous altar of Jiyva.
   188 | D        | Found an ancient bone altar of Kikubaaqudgha.
   189 | D        | Found a corrupted altar of Lugonu.
   190 | D        | Found a burning altar of Makhleb.
   191 | D        | Found a sparkling altar of Nemelex Xobeh.
   192 | D        | Found an iron altar of Okawaru.
   193 | D        | Found a stormy altar of Qazlal.
   194 | D        | Found a sacrificial altar of Ru.
   195 | D        | Found a deep blue altar of Sif Muna.
   196 | D        | Found a bloodstained altar of Trog.
   197 | D        | Found a hide-covered altar of Uskayaw.
   198 | D        | Found a radiant altar of Vehumet.
   199 | D        | Found a shimmering altar of Xom.
   200 | D        | Found a basalt altar of Yredelemnul.
   205 | D        | Found a glowing silver altar of Zin.
   206 | D        | Found a glowing golden altar of the Shining One.
   264 | D        | Noticed a troll
   264 | D        | Noticed a sky beast
   264 | D        | Noticed a hill giant
   264 | D        | Noticed a hungry ghost
   264 | D        | Noticed an ogre
   268 | D        | Reached **** piety under Trog
   274 | D        | Killed an ogre
   274 | D        | Reached skill level 7 in Unarmed Combat
   274 | D        | Reached XP level 5. HP: 63/63 MP: 4/4
   279 | D        | Killed a hungry ghost
   279 | D        | Reached skill level 9 in Unarmed Combat
   279 | D        | Reached XP level 6. HP: 72/72 MP: 5/5
   283 | D        | Killed a hill giant
   283 | D        | Reached skill level 13 in Unarmed Combat
   283 | D        | Reached XP level 7. HP: 18/80 MP: 6/6
   286 | D        | Reached skill level 14 in Unarmed Combat
   288 | D        | Killed a troll
   288 | D        | Reached ***** piety under Trog
   288 | D        | Reached XP level 8. HP: 21/88 MP: 7/7
   403 | D        | Noticed a four-headed hydra
   403 | D        | Noticed a manticore
   403 | D        | Noticed a hill giant
   403 | D        | Noticed an efreet
   409 | D        | Killed an efreet
   409 | D        | Reached skill level 15 in Unarmed Combat
   411 | D        | Killed a hill giant
   419 | D        | Killed a manticore
   422 | D        | Killed a seven-headed hydra
   422 | D        | Reached skill level 10 in Fighting
   422 | D        | Reached skill level 16 in Unarmed Combat
   422 | D        | Reached XP level 9. HP: 17/102 MP: 0/8
   428 | D        | Reached skill level 17 in Unarmed Combat
   761 | D        | Noticed a komodo dragon
   761 | D        | Noticed a spiny frog
   761 | D        | Noticed a spiny frog
   769 | D        | Noticed a spiny frog
   772 | D        | Killed a spiny frog
   774 | D        | Killed a spiny frog
   774 | D        | Received a gift from Trog
   780 | D        | Killed a komodo dragon
   781 | D        | Killed a spiny frog
   781 | D        | Reached XP level 10. HP: 113/113 MP: 9/9
   784 | D        | Reached skill level 18 in Unarmed Combat
   900 | D        | Noticed a five-headed hydra
   900 | D        | Noticed a black mamba
   909 | D        | Killed a nine-headed hydra
   909 | D        | Reached skill level 5 in Dodging
   910 | D        | Noticed an oklob plant
   912 | D        | Killed a black mamba
   914 | D        | Received a gift from Trog
   921 | D        | Noticed a spiny frog
   930 | D        | Killed an oklob plant
   931 | D        | Killed a spiny frog
   931 | D        | Reached skill level 19 in Unarmed Combat
  1065 | D        | Noticed an elephant
  1065 | D        | Noticed an elephant
  1065 | D        | Noticed an elephant
  1065 | D        | Noticed an elephant
  1065 | D        | Noticed a dire elephant
  1065 | D        | Noticed an elephant
  1068 | D        | Killed an elephant
  1073 | D        | Killed a dire elephant
  1078 | D        | Killed an elephant
  1082 | D        | Killed an elephant
  1086 | D        | Killed an elephant
  1089 | D        | Killed an elephant
  1089 | D        | Reached skill level 20 in Unarmed Combat
  1089 | D        | Reached XP level 11. HP: 116/123 MP: 10/10
  1110 | D        | Received a gift from Trog
  1200 | D        | Noticed Psyche
  1206 | D        | Killed Psyche
  1241 | D        | Reached ****** piety under Trog
  1248 | D        | Received a gift from Trog
  1249 | D        | Noticed an orc high priest
  1268 | D        | Killed an orc high priest
  1269 | D        | Received a gift from Trog
  1337 | D        | Noticed an orc knight
  1348 | D        | Noticed an orc knight
  1353 | D        | Killed an orc knight
  1353 | D        | Reached skill level 21 in Unarmed Combat
  1354 | D        | Noticed an orc knight
  1358 | D        | Received a gift from Trog
  1367 | D        | Killed an orc knight
  1367 | D        | Received a gift from Trog
  1372 | D        | Killed an orc knight
  1638 | D        | Found Qis Xeh's Book Boutique.
  1638 | D        | Noticed an orc high priest
  1639 | D        | Killed an orc high priest
  1644 | D        | Found Xecriyt's Antique Weapon Shop.
  1647 | D        | Received a gift from Trog
  1648 | D        | Found Fohoix's Magic Scroll Boutique.
  1653 | D        | Found Woblorriode's Armour Shop.
  1656 | D        | Noticed an orc high priest
  1658 | D        | Noticed an orc high priest
  1659 | D        | Noticed an orc high priest
  1662 | D        | Noticed a soul eater
  1667 | D        | Killed an orc high priest
  1667 | D        | Reached skill level 22 in Unarmed Combat
  1675 | D        | Killed an orc high priest
  1681 | D        | Killed an orc high priest
  1681 | D        | Received a gift from Trog
  1727 | D        | Bought a scroll of enchant weapon for 75 gold pieces
  1727 | D        | Bought a scroll of identify for 20 gold pieces
  1727 | D        | Bought a scroll of identify for 20 gold pieces
  1729 | D        | Bought a polished halberd for 234 gold pieces
  1729 | D        | Identified the +1 halberd of Blood {speed, +Inv} (You bought it in a shop in the Dungeon)
  1736 | D        | Bought a +2 robe of magic resistance for 177 gold pieces
  1736 | D        | Bought a +1 hat for 110 gold pieces
  1778 | D        | Noticed Maurice
  1813 | D        | Noticed Urug
  1843 | D        | HP: 8/186 [Urug/great sword of holy wrath (13)]
  1845 | D        | Mangled by Urug

Skill      XL: |  1  2  3  4  5  6  7  8  9 10 11 |
---------------+----------------------------------+-----
Fighting       | 6 7 8 10 11 12 | 12.7
Unarmed Combat | 7 9 13 14 16 17 20 22 | 22.4
Dodging        | 4 6 8 |  8.6

Action                   |  1- 3 |  4- 6 |  7- 9 | 10-12 || total
-------------------------+-------+-------+-------+-------++-------
Melee: Unarmed           |    24 |    26 |    25 |   124 ||   199
       Punch             |       |       |     2 |     9 ||    11
       Halberd           |       |       |       |    42 ||    42
Invok: Brothers in Arms  |       |       |     2 |     3 ||     5
       Berserk           |       |       |     2 |     6 ||     8
  Use: Potion            |       |     1 |     1 |       ||     2
  Eat: Chunk             |       |     6 |     8 |    14 ||    28
Armor: Animal skin       |     8 |     9 |     4 |    18 ||    39
       Robe              |       |       |       |     3 ||     3
Dodge: Dodged            |     9 |    12 |     9 |    56 ||    86
